Map: Kairos Junction LE

Players

cure

  • Race: Terran Terran
  • Spawn Location: 5:00

HeRoMaRinE - Winner!

  • Race: Terran Terran
  • Spawn Location: 11:00

Event: IEM Season 13: Katowice (2019)

VOD

Have the link to the VOD?

Description

Time

  • Played on: Feb. 25, 2019, 6:57 a.m.
  • Length: 16:59

All games in this series

Show
View Real Time Build Order
Export as new Build Order

cure Terran 

Build Orders:  

Get SALT Encoding   

  12  0:00  SCV  
  13  0:12  SCV  
  14  0:17  Supply Depot  
  14  0:24  SCV  
  15  0:28  Refinery  
  15  0:38  SCV  
  16  0:44  Barracks  
  16  0:50  SCV  
  16  0:55  Refinery  
  17  1:03  SCV  
  18  1:15  SCV  
  19  1:30  Orbital Command  
  19  1:31  Factory  
  19  1:34  Reaper  
  20  1:46  Supply Depot  
  20  1:56  SCV  
  21  2:06  Reaper  
  23  2:08  SCV  
  23  2:15  Hellion  
  25  2:20  SCV  
  26  2:33  Command Center  
  26  2:34  SCV  
  27  2:39  Supply Depot  
  27  2:41  Reaper  
  28  2:47  Hellion  
  28  2:50  SCV  
  31  3:00  Starport  
  31  3:02  SCV  
  32  3:08  Factory Tech Lab  
  32  3:14  Barracks Tech Lab  
  32  3:15  SCV  
  34  3:27  SCV  
  34  3:28  Cyclone  
  34  3:33  Refinery  
  35  3:39  SCV  
  32  3:46  Orbital Command  
  30  3:48  Barracks Reactor  
  30  3:51  Raven, SCV  
  33  4:02  Cyclone  
  36  4:03  SCV  
  37  4:13  SCV  
  37  4:16  SCV  
  39  4:25  SCV  
  39  4:26  Marine x2  
  40  4:33  SCV  
  40  4:36  Siege Tank  
  40  4:37  SCV  
  45  4:45  SCV  
  46  4:49  SCV  
  46  4:51  Marine, Supply Depot  
  46  4:52  Stimpack, Starport Reactor  
  48  4:59  Barracks, SCV  
  49  5:01  SCV  
  47  5:07  Barracks  
  47  5:09  Siege Tank, Marine  
  47  5:12  SCV  
  47  5:13  SCV  
  53  5:22  Engineering Bay  
  53  5:24  Supply Depot  
  53  5:25  SCV  
  53  5:27  Marine  
  55  5:31  SCV  
  55  5:35  Supply Depot  
  56  5:36  Starport Reactor  
  56  5:38  SCV  
  56  5:41  Siege Tank  
  60  5:43  SCV  
  60  5:45  Refinery, Marine  
  60  5:47  Marine x2  
  64  5:50  SCV  
  64  5:51  Terran Infantry Weapons Level 1  
  64  5:57  SCV, Supply Depot  
  66  6:02  SCV, Marine x2  
  69  6:04  Marine  
  69  6:05  Marine x2  
  69  6:08  Supply Depot  
  72  6:13  Medivac x2  
  76  6:19  Siege Tank  
  76  6:20  Supply Depot  
  76  6:24  Marine x2  
  81  6:29  Marine x2  
  81  6:30  Marine  
  84  6:34  Supply Depot  
  84  6:43  Marine x2  
  86  6:47  Marine x2  
  86  6:48  Marine  
  86  6:49  Medivac x2  
  86  6:52  Combat Shield  
  93  6:55  Siege Tank  
  93  6:58  Supply Depot  
  96  7:01  SCV  
  96  7:03  SCV  
  96  7:08  Marine x4  
  100  7:10  Marine  
  103  7:17  Supply Depot  
  103  7:18  SCV x2  
  103  7:21  Medivac  
  95  7:38  Marine x5  
  95  7:40  Siege Tank  
  97  7:45  Medivac  
  67  7:51  Medivac  
  94  7:53  Command Center  
  94  7:57  Terran Infantry Armor Level 1  
  96  8:00  Marine x2  
  96  8:01  Marine  
  96  8:03  Marine  
  100  8:05  Marine  
  100  8:12  Siege Tank  
  104  8:19  Barracks  
  104  8:20  SCV x2  
  104  8:23  Barracks  
  102  8:31  Marine x5  
  102  8:33  SCV  
  102  8:34  SCV  
  99  8:35  Medivac  
  99  8:36  Medivac  
  103  8:45  SCV  
  103  8:46  SCV  
  89  8:49  Marine x5  
  89  8:51  Siege Tank  
  91  8:58  SCV x2  
  92  9:06  Orbital Command, Marine  
  92  9:08  Marine x4  
  97  9:10  Refinery, SCV x2  
  97  9:11  Barracks Reactor x2  
  97  9:15  Viking  
  101  9:19  Viking  
  103  9:24  Marine  
  103  9:25  Marine  
  103  9:26  Armory  
  103  9:29  Engineering Bay  
  103  9:30  SCV x2  
  107  9:32  SCV  
  108  9:39  Sensor Tower, Marine x2  
  108  9:40  Marine  
  108  9:42  Marine  
  108  9:43  Marine  
  108  9:44  Siege Tank  
  116  9:46  SCV x2  
  116  9:47  SCV  
  118  9:57  Marine x4  
  118  9:59  Refinery, Marine x3  
  125  10:00  Marine  
  125  10:01  Marine  
  125  10:07  Viking x2  
  131  10:13  Supply Depot  
  131  10:14  Supply Depot  
  131  10:15  Terran Infantry Weapons Level 2, Marine x2  
  133  10:24  Terran Infantry Armor Level 2  
  133  10:26  SCV x3  
  136  10:29  Siege Tank  
  136  10:30  Terran Vehicle Weapons Level 1  
  136  10:35  Marine x4  
  139  10:36  Supply Depot  
  139  10:39  Supply Depot  
  139  10:40  Viking  
  139  10:42  Viking  
  147  10:51  Factory, Marine x4  
  147  10:53  Liberator, Barracks Reactor  
  147  10:54  Liberator  
  151  10:59  Supply Depot  
  151  11:05  Supply Depot  
  151  11:07  Siege Tank  
  157  11:12  Marine x5  
  155  11:19  Marine x3  
  158  11:30  Marine x3  
  161  11:33  Command Center  
  161  11:34  Siege Tank  
  161  11:35  Marine x2  
  161  11:39  Siege Tank  
  166  11:52  Marine x6  
  144  11:54  Viking x2  
  144  12:00  Marine x4  
  152  12:06  Siege Tank  
  143  12:09  Marine x4  
  143  12:10  Marine x2  
  143  12:11  Siege Tank  
  129  12:18  Marine x4  
  129  12:24  Viking x2  
  129  12:27  Marine x6  
  139  12:30  SCV x2  
  139  12:31  SCV  
  139  12:36  Marine  
  143  12:39  Marine x3  
  143  12:42  Sensor Tower  
  146  12:45  Marine x3  
  149  12:51  Siege Tank x2  
  149  12:55  Terran Infantry Weapons Level 3  
  155  13:01  Viking  
  157  13:07  Marine x4  
  157  13:08  Marine  
  153  13:20  Marine x5  
  153  13:25  Marine x3  
  150  13:29  Siege Tank x2  
  150  13:30  Medivac  
  151  13:34  Planetary Fortress  
  151  13:35  Marine x2  
  153  13:51  Viking  
  153  13:52  Marine x3  
  153  13:53  Marine  
  159  13:55  Marine x2  
  159  14:00  Viking  
  159  14:01  Siege Tank x2  
  166  14:04  Marine x4  
  142  14:13  Marine x4  
  142  14:18  Terran Infantry Armor Level 3  
  142  14:21  Viking  
  131  14:30  Viking  
  133  14:39  SCV x3  
  133  14:40  Terran Vehicle Weapons Level 2  
  136  14:48  Marine x6  
  130  14:57  Viking  
  129  15:02  Viking  
  131  15:07  Sensor Tower  
  131  15:10  Siege Tank  
  134  15:19  Orbital Command  
  134  15:20  Siege Tank  
  137  15:29  Viking  
  137  15:31  Marine x4  
  137  15:32  Viking  
  145  15:41  Refinery  
  145  15:42  Refinery  
  145  15:44  Siege Tank, Missile Turret  
  148  15:54  Missile Turret  
  148  15:57  Siege Tank  
  147  16:04  Viking x2  
  142  16:16  Siege Tank  
  135  16:36  Marine x6  
Show
View Real Time Build Order
Export as new Build Order

HeRoMaRinE Terran - Winner!

Build Orders:  

Get SALT Encoding   

  12  0:00  SCV  
  13  0:12  SCV  
  14  0:17  Supply Depot  
  14  0:24  SCV  
  14  0:27  Refinery  
  15  0:38  SCV  
  16  0:45  Barracks  
  16  0:51  SCV  
  16  0:55  Refinery  
  17  1:03  SCV  
  18  1:15  SCV  
  19  1:33  Factory  
  19  1:34  Orbital Command  
  19  1:39  Reaper  
  20  1:52  Supply Depot  
  20  2:00  SCV  
  21  2:11  Reaper  
  21  2:12  SCV  
  23  2:18  Hellion  
  25  2:24  SCV  
  26  2:35  Command Center  
  26  2:41  Hellion  
  26  2:43  Reaper  
  29  2:45  SCV  
  30  2:52  Starport  
  30  2:58  Supply Depot  
  30  3:01  SCV  
  30  3:04  Factory Tech Lab  
  31  3:16  Barracks Tech Lab  
  31  3:19  SCV  
  32  3:25  Cyclone  
  35  3:32  SCV  
  34  3:36  Refinery  
  33  3:44  SCV  
  33  3:47  Orbital Command  
  34  3:48  Raven  
  34  3:49  Barracks Reactor  
  36  3:56  SCV  
  36  4:01  Cyclone  
  40  4:08  SCV  
  41  4:12  SCV  
  40  4:20  SCV  
  40  4:27  Marine x2  
  42  4:31  SCV  
  42  4:32  Raven, SCV  
  46  4:39  Command Center  
  46  4:41  Siege Tank  
  46  4:43  Supply Depot  
  46  4:44  SCV  
  50  4:46  SCV  
  50  4:51  Marine x2  
  53  4:56  SCV  
  53  4:59  SCV  
  51  5:08  SCV  
  51  5:11  SCV  
  51  5:13  Siege Tank  
  56  5:16  Refinery  
  56  5:19  Supply Depot  
  56  5:20  SCV  
  57  5:22  Viking x2  
  57  5:23  SCV  
  57  5:28  Supply Depot  
  62  5:33  Stimpack  
  62  5:40  SCV x2, Marine  
  65  5:45  Siege Tank  
  68  5:52  Engineering Bay, SCV x2  
  68  5:53  Engineering Bay  
  68  5:54  Orbital Command  
  70  5:59  Viking  
  70  6:02  Viking  
  74  6:06  SCV x2  
  74  6:07  Marine  
  77  6:17  Orbital Command  
  82  6:18  Siege Tank  
  82  6:29  Viking  
  82  6:32  Viking  
  84  6:33  Marine  
  84  6:35  Barracks  
  84  6:36  Barracks  
  84  6:39  Terran Infantry Armor Level 1  
  85  6:40  Terran Infantry Weapons Level 1  
  85  6:44  Supply Depot x2  
  85  6:50  Marine  
  86  6:54  Barracks  
  86  6:56  Barracks, SCV x2  
  86  6:57  SCV  
  89  7:07  Siege Tank  
  91  7:08  Marine  
  91  7:11  Starport Reactor  
  91  7:13  SCV x3, Supply Depot  
  95  7:24  Barracks Reactor  
  95  7:28  SCV x2  
  95  7:29  SCV  
  88  7:40  SCV  
  88  7:41  SCV x2  
  85  7:45  Combat Shield, Barracks Reactor  
  85  7:46  Marine x3  
  88  7:52  SCV  
  88  7:53  SCV x2  
  88  7:57  Armory  
  91  8:00  Marine  
  91  8:01  Marine  
  91  8:04  Marine x3  
  97  8:05  Medivac  
  97  8:06  Medivac  
  97  8:09  Barracks Reactor  
  97  8:11  Supply Depot  
  100  8:18  Marine x2  
  100  8:19  Siege Tank  
  104  8:22  Marine x5  
  88  8:36  Marine x2  
  88  8:40  Marine x5  
  95  8:45  SCV x2  
  95  8:47  Orbital Command, Marine x2  
  87  8:54  Marine x2  
  85  8:57  Marine  
  85  8:58  Marine x4  
  85  9:01  Terran Infantry Weapons Level 2, Terran Infantry Armor Level 2  
  88  9:05  Siege Tank, Marine x2  
  93  9:12  Marine x2  
  93  9:13  Medivac  
  93  9:15  Marine x4  
  93  9:16  Marine  
  104  9:22  Marine  
  104  9:23  Marine  
  103  9:27  Medivac  
  103  9:29  Marine  
  103  9:30  Marine  
  107  9:31  Orbital Command  
  107  9:33  Marine x5  
  112  9:40  Siege Tank, Marine x2  
  112  9:44  SCV x2  
  119  9:47  Marine x2  
  119  9:49  Medivac  
  119  9:51  Marine x2  
  125  9:58  Supply Depot  
  125  9:59  SCV x2, Marine  
  129  10:01  Supply Depot  
  129  10:02  Marine x2  
  129  10:06  Marine x2  
  133  10:08  Orbital Command  
  133  10:12  Terran Vehicle Weapons Level 1  
  133  10:13  Factory  
  132  10:18  Marine  
  132  10:19  Marine x3  
  136  10:22  SCV x2  
  136  10:23  Barracks Reactor  
  136  10:28  Marine x2  
  139  10:29  Sensor Tower  
  139  10:33  Refinery x2  
  140  10:39  Viking  
  140  10:41  Viking  
  140  10:42  Siege Tank  
  148  10:53  Marine  
  148  10:55  Marine x3  
  149  11:03  Marine x4  
  149  11:04  Siege Tank  
  156  11:07  Supply Depot  
  156  11:11  Marine  
  157  11:12  Viking  
  157  11:15  Viking  
  154  11:20  Siege Tank  
  154  11:24  Marine  
  157  11:28  Marine x6  
  163  11:34  Terran Infantry Weapons Level 3  
  163  11:40  Marine x2  
  163  11:43  Supply Depot  
  163  11:46  Marine x3  
  165  11:48  Siege Tank, Marine x3  
  165  11:49  Marine  
  140  11:57  Siege Tank  
  140  11:58  Marine  
  140  11:59  Marine x2  
  146  12:04  Liberator, Marine x3  
  146  12:05  Liberator  
  146  12:06  Marine x3  
  146  12:07  Marine  
  123  12:16  Marine x2  
  123  12:17  Marine  
  123  12:20  Siege Tank  
  119  12:24  Marine  
  119  12:26  Marine  
  119  12:28  Marine x2  
  126  12:30  Marine x2  
  126  12:34  Siege Tank  
  126  12:36  Marine x2  
  135  12:53  Siege Tank  
  135  12:54  Marine  
  135  12:58  Terran Infantry Armor Level 3  
  137  12:59  Marine  
  137  13:00  Marine  
  137  13:01  Marine  
  137  13:02  Marine x2  
  137  13:03  Marine  
  137  13:04  Viking  
  145  13:05  Viking  
  145  13:06  Marine x2  
  145  13:11  Marine  
  145  13:12  Marine  
  148  13:17  Marine x2  
  148  13:19  Marine x2  
  136  13:22  Siege Tank, Marine x2  
  136  13:25  Marine x2  
  139  13:29  Marine  
  139  13:30  Marine  
  141  13:39  Marine x2, Supply Depot  
  141  13:47  Supply Depot  
  141  13:48  Supply Depot  
  141  14:00  Siege Tank, Marine x5  
  149  14:03  Viking x2, Marine x2  
  149  14:04  Marine x3  
  130  14:18  Marine x5  
  130  14:20  Marine  
  130  14:21  Marine x3  
  140  14:25  Siege Tank  
  140  14:27  Marine  
  143  14:33  Viking x2  
  143  14:36  Marine x5  
  152  14:38  Marine  
  152  14:43  Siege Tank  
  152  14:44  Marine x2  
  150  14:46  Marine  
  150  14:47  Marine  
  134  14:53  Marine x4  
  134  14:55  Marine  
  136  15:03  Viking  
  136  15:06  Siege Tank  
  141  15:07  Marine  
  141  15:10  Marine  
  141  15:12  Marine  
  141  15:14  Marine  
  144  15:17  Marine  
  144  15:18  Marine  
  148  15:22  Orbital Command  
  148  15:27  Marine  
  148  15:28  Viking  
  150  15:33  Siege Tank  
  150  15:34  Marine  
  154  15:37  Marine x2  
  158  15:49  Viking  
  158  15:51  Marine x2  
  158  15:52  Marine  
  158  15:54  Marine x2  
  162  15:59  Marine x2  
  162  16:03  Marine  
  162  16:04  Marine  
  159  16:05  Viking, Marine  
  159  16:09  Marine  
  151  16:13  Marine x3  
  151  16:15  Marine  
  151  16:16  Marine  
  156  16:19  Marine  
  156  16:21  Marine x2  
  156  16:23  Marine  
  157  16:32  Marine x2  
  154  16:34  Marine x2  
  154  16:37  Marine x2  
  142  16:40  Marine x2  

Tags
 
Add a new tag
Caveats
  • Supply blocks, unpowered buildings, or Contaminate may cause inaccurate times.
  • Supply counts are checked every 10 seconds.